cohdb
Replays
Latest Replays
All Replays
Popular Replays
Top Player Replays
Match Explorer
How It Works
Community
CoH3 Stats
Reddit
Sign in to upload your games and track your stats! →
Sign in with Steam
Match 42264582
Unlisted
Match 42264582
Overview
Messages
Build Orders
End
Selects Advanced Infantry Battlegroup
Scout Squad
Construct Barracks
Riflemen Squad
Riflemen Squad
Riflemen Squad
Infantry Support Center
Grenade Package
Selects Convert to Ranger Squad
Convert to Ranger Squad
Construct Medical Station
Construct Motor Pool
Selects Artillery Observers
M1 Anti-tank Gun Team
M8 Greyhound Armored Car
Advanced Logistics
Engineer Squad
Selects M2A1 105mm Howitzer Emplacement
Convert to Ranger Squad
Construct Tank Depot
Selects 155mm Rapid Artillery Barrage
Selects Frontline Medical Station
M4A1 Sherman Medium Tank
Demolitions Package
mp5
Dawes
infelix
TAC
♛ L E O N I D A S
SquidwardTentacles420
Mangutten
Baby Faced Finster
0
0
Comments
sign in to comment!
No comments posted yet!